 Dungeon Crawl Stone Soup version 0.27-a0-1312-g5cdb2b3542 (webtiles) character file.

Game seed: 2264681275996447227

81 spiderkeys the Skirmisher (level 4, 0/31 HPs)
             Began as an Octopode Abyssal Knight on June 20, 2021.
             Was a Believer of Lugonu.
             Slain by an orc (1 damage)
             ... on level 3 of the Dungeon.
             The game lasted 00:03:56 (3062 turns).

spiderkeys the Skirmisher (Octopode Abyssal Knight) Turns: 3062, Time: 00:03:57

Health: 0/31       AC:  1    Str: 12    XL:     4   Next: 40%
Magic:  3/5        EV: 13    Int: 14    God:    Lugonu [**....]
Gold:   152        SH:  3    Dex: 11    Spells: 3/3 levels left

rFire    . . .     SeeInvis .   d - +4 hand axe
rCold    . . .     Faith    .   r - +0 buckler
rNeg     . . .     Spirit   .   (helmet restricted)
rPois    .         Reflect  .   (no amulet)
rElec    .         Harm     .   (no ring)
rCorr    .         Rampage  .   (no ring)
Will     .....                  (no ring)
Stlth    ++........             (no ring)
HPRegen  0.10/turn              (no ring)
MPRegen  0.09/turn              (no ring)
                                (no ring)
                                (no ring)

@: no status effects
A: almost no armour, amphibious, 8 rings, camouflage 1, gelatinous body 1,
(nimble swimmer 1), tentacles
a: Renounce Religion, Depart the Abyss, Bend Space


You were on level 3 of the Dungeon.
You worshipped Lugonu.
Lugonu was pleased with you.
You visited 1 branch of the dungeon, and saw 3 of its levels.
You visited the Abyss 1 time.

You collected 206 gold pieces.
You spent 54 gold pieces at shops.


Innate Abilities, Weirdness & Mutations

You cannot wear most types of armour.
You are amphibious.
You can wear up to eight rings at the same time.
Your skin changes colour to match your surroundings (Stealth+).
Your rubbery body absorbs attacks. (AC +1, EV +1)
((You are camouflaged near water. (Stealth+)))
You have tentacles for arms and can constrict up to eight enemies at once.


   Skills:
 + Level 3.3 Fighting
 * Level 2.0(2.4) Axes
 - Level 2.0(2.4) Polearms
 + Level 2.9 Dodging
 + Level 1.2 Shields
 + Level 2.6 Invocations


You had 3 spell levels left.
You didn't know any spells.
Your spell library was empty.

Inventory:

Hand Weapons
 a - a +1 spear
 d - a +4 hand axe (weapon)
   (You found it on level 2 of the Abyss)
Missiles
 h - 12 arrows
 k - 13 poisoned darts
 l - 52 stones
 n - 9 bolts
 p - 3 boomerangs
 w - 2 javelins
Armour
 i - a +0 kite shield
   (You found it on level 1 of the Dungeon)
 r - a +0 buckler (worn)
   (You bought it in a shop on level 2 of the Dungeon)
Jewellery
 Z - a ring of wizardry
   (You took it off a hobgoblin on level 2 of the Dungeon)
Wands
 e - a wand of flame (16)
   (You found it on level 2 of the Abyss)
Scrolls
 j - a scroll of brand weapon {unknown}
 q - a scroll of blinking {unknown}
 u - a scroll of identify {unknown}
 v - a scroll of fog {unknown}
Potions
 c - a potion of haste {unknown}
 f - a potion of berserk rage {unknown}
 g - a potion of attraction {unknown}
 m - a potion of resistance {unknown}
 o - a potion of lignification {unknown}
 s - a potion of degeneration {unknown}
 t - a potion of brilliance {unknown}

Dungeon Overview and Level Annotations

Branches:
Dungeon (3/15)

Altars:

Shops:
D:2

*[([ #..###.#..##.# #.#
#[........##.# #.#
###.##.#.###.###########
.............#.........#
####.#.......#.........#
##..........##.........#.#
...##.......##.........#.#
##.....#.##.##.........#.#
.#...[.#..#.##..@o.....#'###
.#.....#..#.##...o.o.......#
..........#.##...K.......(.######
##.....#..#.######..)............
.........##.# #.........######
##........#†# #.....(.).#
#....#..##.# #..)......#
#....#.....# #.........#
##.###..#### #.........#


You could see 3 orcs and a kobold.


Message History

The kobold completely misses you.
You hit the goblin. Your grab misses the goblin. You closely miss the kobold.
The kobold closely misses you. The goblin closely misses you.
You completely miss the goblin.
The orc shouts!
Your grab misses the goblin. Your squeeze misses the goblin.
You closely miss the kobold. The kobold hits you with a +0 club.
The goblin closely misses you.
The kobold hits you with a +0 club. 😮 HP[-8]
You take 8 damage, and now have 23/31 hp.
MASSIVE DAMAGE!! (PAUSE)
The goblin hits you with a +0 dagger.
The orc wizard hits you with a +2 dagger of venom. 😮 HP[-6]
You take 6 damage, and now have 17/31 hp.
You hit the orc wizard. You grab the orc wizard. You barely miss the kobold.
You hit the goblin.
You kill the goblin!
Lugonu accepts your kill.
You can now bend space around yourself.
You constrict the orc wizard. The kobold hits you with a +0 club.
* * * LOW HITPOINT WARNING * * *
You block the orc wizard's attack. 😨 HP[-3]
You take 3 damage, and now have 14/31 hp.
You hit the orc wizard. You closely miss the kobold.
You constrict the orc wizard, but do no damage.
The kobold barely misses you.
The orc wizard points at you and mumbles some strange words.
You are confused.
You release your grip on the orc wizard.
The kobold hits you but does no damage.
You closely miss the orc wizard. You miss the kobold. You hit the orc.
The kobold hits you with a +0 club.
* * * LOW HITPOINT WARNING * * *
The orc wizard points at you and mumbles some strange words.
You resist with some effort. The orc hits you with a +0 mace.
* * * LOW HITPOINT WARNING * * *
😱 HP[-7]
You take 7 damage, and now have 7/31 hp.
MASSIVE DAMAGE!! (PAUSE)
The orc wizard hits you with a +2 dagger of venom.
* * * LOW HITPOINT WARNING * * *
😱 HP[-6]
You take 6 damage, and now have 1/31 hp.
It was a potion of curing.
You feel better. The kobold hits you with a +0 club.
* * * LOW HITPOINT WARNING * * *
The orc barely misses you. 😨 HP[+7]
You regained 7 hp, and now have 8/31 hp.
Okay, then.
You feel better.
The orc wizard points at you and mumbles some strange words.
The magic dart hits you!
* * * LOW HITPOINT WARNING * * *
The kobold closely misses you. The orc closely misses you.
The orc hits you with a +0 mace!
* * * LOW HITPOINT WARNING * * *
😱 HP[-4]
You take 4 damage, and now have 4/31 hp.
Space bends around you!
You blink. 😱 HP[-1] MP[-1]
You take 1 damage, and now have 3/31 hp.
You lost 1 mp, and now have 4/5 mp.
Okay, then.
You feel better. 😨 HP[+7]
You regained 7 hp, and now have 10/31 hp.
Okay, then.
Okay, then.
Throw: 4 javelins
Press: ? - help, Shift-Dir - straight line, f - orc wizard
Aim: an orc wizard, wielding a +2 dagger of venom and wearing a +0 robe (almost dead, 47% to hit)
You throw a javelin.
The javelin pierces through the orc but does no damage.
The javelin barely misses the orc wizard.
The orc hits you with a +0 club.
* * * LOW HITPOINT WARNING * * *
The orc hits you with a +0 club.
* * * LOW HITPOINT WARNING * * *
😱 HP[-7]
You take 7 damage, and now have 3/31 hp.
MASSIVE DAMAGE!! (PAUSE) Space bends around you!
You blink.
The orc wizard casts a spell at you.
The puff of flame misses you. 😱 HP[-2] MP[-1]
You take 2 damage, and now have 1/31 hp.
You lost 1 mp, and now have 3/5 mp.
Throw: 3 javelins
Press: ? - help, Shift-Dir - straight line, f/p - orc wizard
Aim: an orc wizard, wielding a +2 dagger of venom and wearing a +0 robe (almost dead, 47% to hit)
You throw a javelin. The javelin pierces through the orc.
The javelin pierces through the orc wizard!
You kill the orc wizard!
Lugonu accepts your kill. The orc hits you with a +0 mace.
You die...

Skill      XL: |  1  2  3  4 |
---------------+-------------+-----
Axes           | 1 2 |  2.0
Shields        | 1 |  1.2
Fighting       | |  3.3
Polearms       | |  2.0
Dodging        | |  2.9
Invocations    | |  2.6

Action                   |  1- 3 |  4- 6 || total
-------------------------+-------+-------++-------
Melee: Hand axe          |    64 |    18 ||    82
       Constrict         |    11 |     2 ||    13
       Tentacles         |     6 |     3 ||     9
Throw: Javelin           |       |     2 ||     2
Invok: Depart the Abyss  |     1 |       ||     1
       Bend Space        |       |     2 ||     2
  Use: Potion            |       |     3 ||     3
 Stab: Sleeping          |    12 |     1 ||    13
Armor: Skin              |     2 |     1 ||     3
Dodge: Dodged            |    36 |    17 ||    53
Block: Kite shield       |     6 |       ||     6
       Buckler           |     4 |     3 ||     7

Levels and vault maps discovered:
D:1:      kilobyte_arrival_exit_the_forest, layout_loops_cross, st_stairs_13
D:2:      layout_basic, serial_shops, shop, shop, shop, shop
D:3:      layout_basic

Notes
Turn   | Place    | Note
-------+----------+-------------------------------------------
     0 | Abyss:1  | spiderkeys the Octopode Abyssal Knight began the quest for
                  | the Orb.
     0 | Abyss:1  | Reached XP level 1. HP: 16/16 MP: 2/2
     0 | Abyss:1  | magus.rc [v1.9.10]
    57 | Abyss:1  | Found a corrupted altar of Lugonu.
    71 | Abyss:2  | Found a corrupted altar of Lugonu.
    96 | Abyss:2  | Noticed a thrashing horror
   126 | Abyss:2  | Noticed a raiju
   126 | Abyss:2  | Noticed a raiju
   126 | Abyss:2  | Noticed a raiju
   129 | D:1      | You pass through the gate.
   129 | D:1      | Escaped the Abyss
   514 | D:1      | Reached * piety under Lugonu
   691 | D:1      | Reached XP level 2. HP: 21/21 MP: 3/3
  1243 | D:2      | Reached skill level 1 in Axes
  1307 | D:2      | Found Ocsig's Antique Weapon Boutique.
  1369 | D:2      | Found Nuohitob's Assorted Antiques.
  1372 | D:2      | Found Piah's Antique Armour Boutique.
  1403 | D:2      | Reached XP level 3. HP: 26/26 MP: 4/4
  1586 | D:2      | Found Bag Wis's Armour Emporium.
  1733 | D:2      | Bought a +0 buckler for 54 gold pieces
  2185 | D:2      | Reached skill level 1 in Shields
  2697 | D:3      | Reached XP level 4. HP: 23/31 MP: 5/5
  2821 | D:3      | Reached ** piety under Lugonu
  2968 | D:3      | Reached skill level 2 in Axes
  3054 | D:3      | HP: 7/31 [orc (6)]
  3055 | D:3      | HP: 1/31 [orc wizard (6)]
  3060 | D:3      | HP: 3/31 [orc (5)]
  3062 | D:3      | Slain by an orc

Vanquished Creatures
  An orc wizard (D:3)
  3 adders
  A worm (D:2)
  2 dart slugs (D:2)
  3 endoplasms
  4 giant cockroaches
  5 goblins
  2 hobgoblins
  4 jackals (D:3)
  7 quokkas
  2 ball pythons
  3 bats
  2 frilled lizards
  A kobold (D:2)
  6 rats
46 creatures vanquished.

Table legend:
 A = Non-vault XP
 B = Vault XP
 C = Vault XP percentage of total XP
 D = Non-vault monster count
 E = Vault monster count
 F = Vault count percentage of total count
                 A         B        C        D         E       F
            +---------+---------+-------+---------+---------+-------
      Total |     150 |       2 |   1.3 |      45 |       1 |   2.2
            +---------+---------+-------+---------+---------+-------
        D:1 |      11 |       2 |  15.4 |       8 |       1 |  11.1
        D:2 |      44 |       0 |   0.0 |      15 |       0 |   0.0
        D:3 |      95 |       0 |   0.0 |      22 |       0 |   0.0
            +---------+---------+-------+---------+---------+-------

Illustrated notes

Table legend:
 A = Kills in this place as a percentage of kills in entire the game.
 B = Kills by you in this place as a percentage of kills by you in the entire game.
 C = Kills by friends in this place as a percentage of kills by friends in the entire game.
 D = Other kills in this place as a percentage of other kills in the entire game.
 E = Experience gained in this place as a percentage of experience gained in the entire game.
 F = Experience gained in this place divided by the number of levels of this place that you have seen.
                   A       B       C       D       E      F
               +-------+-------+-------+-------+-------+----------------------
         Total | 100.0 | 100.0 |   N/A |   N/A | 100.0 |  30.4
       Dungeon | 100.0 | 100.0 |   N/A |   N/A | 100.0 |  50.7
               +-------+-------+-------+-------+-------+----------------------

Table legend: (Time is in decaauts)
 A = Elapsed time spent in this place.
 B = Non-inter-level travel time spent in this place.
 C = Inter-level travel time spent in this place.
 D = Time resting spent in this place.
 E = Time spent auto-exploring this place.
 F = Levels seen in this place.
 G = Mean time per level.
                   A        B        C        D        E       F      G
               +--------+--------+--------+--------+--------+-----+--------+
         Total |   3087 |   3038 |     49 |    109 |   2441 |   5 |  617.4 |
       Dungeon |   2958 |   2909 |     49 |    109 |   2441 |   3 |  986.0 |
         Abyss |    128 |    128 |      0 |      0 |      0 |   2 |   64.0 |
               +--------+--------+--------+--------+--------+-----+--------+

Top non-repeatable levels by time:
     D:2: 1352 daAuts
     D:1: 809 daAuts
     D:3: 796 daAuts
 Abyss:1: 71 daAuts
 Abyss:2: 57 daAuts
